 Dungeon Crawl Stone Soup version 0.21.0 (webtiles) character file.

211 Hekarica the Stinger (level 5, 0/34 HPs)
             Began as an Octopode Venom Mage on May 20, 2018.
             Succumbed to a worker ant's poison
             ... on level 4 of the Dungeon.
             The game lasted 00:14:49 (2613 turns).

Hekarica the Stinger (Octopode Venom Mage)          Turns: 2613, Time: 00:14:49

Health: 0/34       AC:  1    Str:  6 (9)  XL:     5   Next: 88%
Magic:  9/9        EV: 14    Int: 14 (17) God:
Gold:   84         SH:  0    Dex: 11 (12) Spells: 5/9 levels left

rFire    . . .     SeeInvis .     - Unarmed
rCold    . . .     Gourm    .   (no shield)
rNeg     . . .     Faith    .   (helmet restricted)
rPois    .         Spirit   .   (no amulet)
rElec    .         Reflect  .   (no ring)
rCorr    .         Harm     .   (no ring)
MR       .....                  (no ring)
Stlth    +++.......             (no ring)
HPRegen  0.11/turn              (no ring)
MPRegen  0.11/turn              (no ring)
                                (no ring)
                                (no ring)

@: lethally poisoned (0 -> -14), flying
A: almost no armour, stealthy swim, amphibious, 8 rings, constrict 8, camouflage
1, gelatinous body 1
a: no special abilities


You were on level 4 of the Dungeon.
You were not hungry.

You visited 1 branch of the dungeon, and saw 4 of its levels.

You collected 84 gold pieces.

Inventory:

Hand Weapons
 l - a cursed -3 whip
Armour
 c - a +0 shield
Jewellery
 k - a cursed ring of loudness {unknown}
Potions
 f - a potion of degeneration
Books
 a - a Young Poisoner's Handbook

   Spells                             Type                      Level
   a - Sting                          Conjuration/Poison           1
   b - Poisonous Vapours              Poison/Air                   2
   c - Mephitic Cloud                 Conjuration/Poison/Air       3
   d - Olgreb's Toxic Radiance        Poison                       4
   e - Venom Bolt                     Conjuration/Poison           5
Comestibles
 b - 5 rations


   Skills:
 + Level 1.9 Fighting
 - Level 2.8 Dodging
 - Level 3.3 Stealth
 + Level 2.0 Unarmed Combat
 + Level 2.9 Spellcasting
 * Level 1.3 Conjurations
 * Level 1.3 Air Magic
 - Level 4.4 Poison Magic


You had 5 spell levels left.
You knew the following spells:

 Your Spells              Type           Power        Failure   Level  Hunger
a - Sting                 Conj/Pois      ##..         7%          1    #......
b - Mephitic Cloud        Conj/Pois/Air  #.......     24%         3    ###....


Dungeon Overview and Level Annotations

Branches:
Dungeon (4/15)
 Temple: D:4-7

Altars:
Elyvilon
Fedhas
Kikubaaqudgha

Annotations:
D:3 Sigmund


Innate Abilities, Weirdness & Mutations

You cannot wear most types of armour.
You are very stealthy in the water. (Stealth+)
You are amphibious.
You can wear up to eight rings at the same time.
You can use your tentacles to constrict eight enemies at once.
Your skin changes colour to match your surroundings (Stealth+).
Your rubbery body absorbs attacks. (AC +1, EV +1)


Message History

* * * LOW HITPOINT WARNING * * *
You are more poisoned.
The worker ant poisons you!
You tentacle-slap the worker ant but do no damage.
Your grab misses the worker ant.
The worker ant is lightly wounded.
* * * LOW HITPOINT WARNING * * *
You feel sick. The worker ant misses you.
You closely miss the worker ant. You grab the worker ant.
The worker ant is lightly wounded.
You constrict the worker ant, but do no damage.
* * * LOW HITPOINT WARNING * * *
You feel sick. The worker ant bites you.
* * * LOW HITPOINT WARNING * * *
The worker ant barely misses you.
You tentacle-slap the worker ant but do no damage.
You squeeze the worker ant!
The worker ant is heavily wounded.
You constrict the worker ant.
You die...

#...#.#......#####
##...#.#...........
.......#....#.#.###
#..........#.# #
#####<.......# #
.........##..#
####....##..#
#.#####....##..#
#.....[@...##...
#.#####a#####...#
#.# .... #.. #.#
#.# #.. ###


You could see a worker ant.

Vanquished Creatures
  The ghost of Hekarica the Insei, an amateur OpTm (D:3)
  A worker ant (D:4)
  A gnoll (D:3)
  4 adders
  An ooze (D:2)
  2 worms (D:2)
  A dart slug (D:2)
  9 bats
  5 giant cockroaches
  5 goblins
  6 hobgoblins
  2 jackals (D:4)
  3 frilled lizards
  9 kobolds
  8 rats
58 creatures vanquished.

Notes
Turn   | Place    | Note
-------+----------+-------------------------------------------
     0 | D:1      | Hekarica the Octopode Venom Mage began the quest for the Orb.
     0 | D:1      | Reached XP level 1. HP: 11/11 MP: 3/3
   129 | D:1      | Reached XP level 2. HP: 15/18 MP: 0/5
   490 | D:1      | Reached XP level 3. HP: 22/22 MP: 0/6
   498 | D:1      | Reached skill level 1 in Unarmed Combat
   503 | D:1      | Reached skill level 1 in Fighting
   794 | D:1      | Learned a level 3 spell: Mephitic Cloud
  1243 | D:2      | Reached XP level 4. HP: 28/28 MP: 1/7
  1525 | D:2      | Reached skill level 1 in Air Magic
  1569 | D:2      | Found a white marble altar of Elyvilon.
  2172 | D:3      | Found an ancient bone altar of Kikubaaqudgha.
  2175 | D:3      | Found a blossoming altar of Fedhas.
  2293 | D:3      | Noticed Hekarica's ghost (amateur OpTm)
  2316 | D:3      | Killed Hekarica's ghost
  2316 | D:3      | Reached skill level 4 in Poison Magic
  2316 | D:3      | Reached XP level 5. HP: 34/34 MP: 7/9
  2349 | D:3      | Noticed Sigmund
  2612 | D:4      | HP: 1/34 [worker ant (5)]
  2613 | D:4      | Succumbed to a worker ant's poison

Skill      XL: |  1  2  3  4  5 |
---------------+----------------+-----
Stealth        | 3 |  3.3
Unarmed Combat | 1 2 |  2.0
Fighting       | 1 |  1.9
Air Magic      | 1 |  1.3
Poison Magic   | 4 |  4.4
Dodging        | |  2.8
Spellcasting   | |  2.9
Conjurations   | |  1.3

Action                   |  1- 3 |  4- 6 || total
-------------------------+-------+-------++-------
Melee: Unarmed           |    52 |    35 ||    87
       Constrict         |    15 |     4 ||    19
       Tentacles         |     5 |     4 ||     9
       Punch             |     1 |     1 ||     2
 Cast: Sting             |    64 |    48 ||   112
  Use: Scroll            |     3 |     2 ||     5
       Potion            |       |     6 ||     6
  Eat: Ration            |     1 |     1 ||     2
Armor: Skin              |     2 |    12 ||    14
Dodge: Dodged            |    30 |    28 ||    58
